 Dungeon Crawl Stone Soup version 0.30-a0-715-gdb4ae3ece1 (webtiles) character file.

Game seed: 4610573291938287966

935 testman the Reanimator (level 7, -9/46 HPs)
             Began as a Demonspawn Necromancer on Jan 24, 2023.
             Was an Initiate of Sif Muna.
             Mangled by an orc warrior
             ... wielding a +0 glaive
              (16 damage)
             ... on level 7 of the Dungeon.
             The game lasted 00:24:13 (5259 turns).

testman the Reanimator (Demonspawn Necromancer)     Turns: 5259, Time: 00:24:13

Health: -9/46      AC:  8    Str:  8    XL:     7   Next: 87%
Magic:  14/24      EV: 17    Int: 18    God:    Sif Muna [......]
Gold:   322        SH:  0    Dex: 17    Spells: 4/17 levels left

rFire   . . .      SeeInvis .    n - staff of death
rCold   . . .      Faith    .    (no shield)
rNeg    + . .      Spirit   .    a - +0 robe
rPois   .          Reflect  .    (helmet restricted)
rElec   .          Harm     .    (no cloak)
rCorr   +          Rampage  .    (no gloves)
Will    .....                    (no boots)
Stlth   ++                       (no amulet)
HPRegen 0.27/turn                o - ring of magical power
MPRegen 0.19/turn                m - ring "Vacipt" {rCorr AC+4 Dex+3}

@: agile, animating dead, studying Maces & Flails
A: horns 1, icy blue scales 1, powered by pain 1, demonic magic 1
a: Renounce Religion


You were on level 7 of the Dungeon.
You worshipped Sif Muna.
Sif Muna was noncommittal.
You visited 1 branch of the dungeon, and saw 7 of its levels.
You also visited: Sewer.

You collected 322 gold pieces.

Inventory:

Hand Weapons
 g - a +0 dagger
 i - a +0 mace
Missiles
 h - 3 boomerangs
 t - 6 poisoned darts
Armour
 a - a +0 robe (worn)
Magical Staves
 n - a staff of death (weapon)
Jewellery
 f - a +6 ring of strength
 m - the ring "Vacipt" (right hand) {rCorr AC+4 Dex+3}
   (You found it on level 2 of the Dungeon)

   [ring of protection]

   AC:        It affects your AC (+4).
   Dex:       It affects your dexterity (+3).
   rCorr:     It protects you from acid and corrosion.
 o - a ring of magical power (left hand)
Wands
 z - a wand of iceblast (7)
 A - a wand of paralysis (13)
Scrolls
 c - 9 scrolls of teleportation
 d - 3 scrolls of fog {unknown}
 e - 2 scrolls of enchant armour
 p - 3 scrolls of fear
 q - 2 scrolls of noise
 r - a scroll of blinking
 u - 2 scrolls of summoning {unknown}
 y - 2 scrolls of vulnerability {unknown}
 B - 2 scrolls of identify
Potions
 b - a potion of magic
 j - a potion of degeneration {unknown}
 k - 3 potions of ambrosia {unknown}
 l - 3 potions of brilliance {unknown}
 s - 3 potions of attraction {unknown}
 v - 5 potions of haste {unknown}
 w - a potion of cancellation {unknown}
 x - a potion of mutation {unknown}
 C - a potion of curing {unknown}
 D - a potion of lignification {unknown}


   Skills:
 - Level 1.7 Dodging
 - Level 1.7 Stealth
 + Level 5.8 Spellcasting
 + Level 8.0 Necromancy
 + Level 3.4 Invocations


You had 4 spell levels left.
You knew the following spells:

 Your Spells              Type           Power      Damage    Failure   Level
a - Necrotise             Necr           100%       1d9       1%          1
b - Vampiric Draining     Necr           50%        2d9       1%          3
c - Animate Dead          Necr           50%        N/A       4%          4
d - Agony                 Necr           50%        N/A       13%         5

Your spell library contained the following spells:

 Spells                   Type           Power      Damage    Failure   Level
 Sandblast                Erth           10%        2d5       12%         1
 Summon Small Mammal      Summ           20%        N/A       12%         1
 Passwall                 Tmut/Erth      4%         N/A       19%         2
 Call Canine Familiar     Summ           5%         N/A       36%         3
 Portal Projectile        Hex/Tloc       10%        N/A       36%         3
 Stone Arrow              Conj/Erth      10%        3d7       36%         3
 Summon Guardian Golem    Hex/Summ       5%         N/A       36%         3
 Tukima's Dance           Hex            5%         N/A       36%         3
 Blade Hands              Tmut           2%         N/A       98%         5


Dungeon Overview and Level Annotations

Branches:
Dungeon (7/15)             Temple (0/1) D:6           Sewer (visited)

Altars:
Cheibriados
Fedhas
Kikubaaqudgha
Makhleb
Nemelex Xobeh
Okawaru
Qazlal
Sif Muna
Uskayaw
Wu Jian


Innate Abilities, Weirdness & Mutations

You have a pair of small horns on your head.
You are partially covered in icy blue scales. (AC +2)
You sometimes gain a little power by taking damage.
Spells you cast may paralyse adjacent enemies.


Message History

The orc priest hits your orc zombie with a +0 hand axe.
Your orc zombie is destroyed!
The orc priest closely misses you. The orc warrior misses you.
The orc priest shouts!
You hit the orc priest. Your headbutt misses the orc priest.
The orc priest is almost dead.
The orc priest misses you.
The orc priest mumbles some strange prayers to Beogh against you.
Beogh smites you!
You focus on the pain.
You feel your power returning.
The orc warrior hits you from afar with a +0 glaive!
* * * LOW HITPOINT WARNING * * *
Casting: Necrotise (safe; 1% risk of failure)
Confirm with . or Enter, or press ? or * to list all spells.
You feel a surge of power!
You call upon the dead to rise.
Malevolent energies surge around you.
The orc priest suddenly stops moving!
The orc warrior hits you from afar with a +0 glaive!
* * * LOW HITPOINT WARNING * * *
Casting: Animate Dead (dangerous; 4% risk of failure)
Confirm with . or Enter, or press ? or * to list all spells.
Aiming: Vampiric Draining (safe; 1% risk of failure)
Press: ? - help, Shift-Dir - straight line, f/p - orc priest
Aim: an orc priest, wielding a +0 hand axe (almost dead, paralysed)
You feel a surge of power!
You draw life force from the orc priest!
You kill the orc priest!
Sif Muna accepts your kill.
You feel life coursing into your body. Malevolent energies surge around you.
The orc priest suddenly stops moving!
The dead are walking!
The orc warrior closely misses you. Something barely misses you.
Your Necromancy skill increases to level 8!
Casting: Vampiric Draining (safe; 1% risk of failure)
Confirm with . or Enter, or press ? or * to list all spells.
Aiming: Vampiric Draining (safe; 1% risk of failure)
Press: ? - help, Shift-Dir - straight line, f - orc priest
Aim: an orc priest, wielding a +0 mace of holy wrath (paralysed)
You feel a surge of power!
You draw life force from the orc priest!
You feel life coursing into your body. Malevolent energies surge around you.
The orc warrior hits you from afar with a +0 glaive!
You die...

##+#### . ...... .. ..
...... .... ..
..##...... #..# .#
..#.....######..###..##.
..#.....#.....<.o.o.....
..#.....#.......@o......
..#.....#.....)..!Z..###
..#.....#.......##...#
..'.....#...##..# ##+#
..#.....##'###..#
..#..........#....
..#).........+.....
..#..........##+##...
..#............. ...


You could see an orc warrior, an orc priest (paralysed), an orc (ally target)
and a friendly orc priest zombie.

Vanquished Creatures
  Pargi (Sewer)
  2 scorpions
  A howler monkey (D:6)
  4 hounds
  2 orc priests
  4 jellies
  Terence (D:3)
  3 iguanas
  7 adders
  An ufetubus (D:5)
  2 worms (D:2)
  A dart slug (D:1)
  8 orcs
  9 ball pythons
  6 endoplasms
  10 goblins
  2 hobgoblins
  2 jackals (D:1)
  7 quokkas
  6 bats
  5 frilled lizards
  3 kobolds
  3 rats
90 creatures vanquished.

Vanquished Creatures (collateral kills)
  A necrophage (D:6)
  A hound (D:6)
  An iguana (D:6)
  An adder (Sewer)
  A dart slug (D:2)
  2 orcs (D:3)
  A bat (D:3)
  2 goblins
  A quokka (D:1)
  2 ball pythons
  6 frilled lizards (Sewer)
  A rat (D:3)
20 creatures vanquished.

Vanquished Creatures (others)
  A hound zombie (D:6)
  An adder zombie (D:3)
  2 bat zombies (D:3)
  A kobold zombie (D:3)
  2 orc zombies
  3 plants (D:6)
10 creatures vanquished.

Grand Total: 120 creatures vanquished

Notes
Turn   | Place    | Note
-------+----------+-------------------------------------------
     0 | D:1      | testman the Demonspawn Necromancer began the quest for the
                  | Orb.
     0 | D:1      | Reached XP level 1. HP: 13/13 MP: 3/3
   170 | D:1      | Gained mutation: You sometimes gain a little power by
                  | taking damage. [demonic ancestry]
   170 | D:1      | Reached XP level 2. HP: 16/19 MP: 1/5
  1011 | D:2      | Reached skill level 5 in Necromancy
  1011 | D:2      | Gained mutation: You have a pair of small horns on your
                  | head. [demonic ancestry]
  1011 | D:2      | Reached XP level 3. HP: 10/24 MP: 5/7
  1131 | D:2      | Learned a level 3 spell: Vampiric Draining
  1678 | D:2      | Reached XP level 4. HP: 30/30 MP: 8/8
  1778 | D:2      | Identified the ring "Vacipt" {rCorr AC+4 Dex+3}
  1972 | D:3      | Learned a level 4 spell: Animate Dead
  2511 | D:3      | Noticed Terence
  2528 | D:3      | Killed Terence
  2632 | D:3      | Found an iron altar of Okawaru.
  2635 | D:3      | Found an ornate altar of the Wu Jian Council.
  2637 | D:3      | Found a burning altar of Makhleb.
  2639 | D:3      | Found a snail-covered altar of Cheibriados.
  2670 | D:3      | Gained mutation: You are partially covered in icy blue
                  | scales. (AC +2) [demonic ancestry]
  2670 | D:3      | Reached XP level 5. HP: 30/35 MP: 10/10
  2842 | D:4      | Found a glowing drain.
  2880 | Sewer    | Entered a sewer
  2911 | Sewer    | Noticed Pargi
  2918 | Sewer    | Killed Pargi
  2919 | Sewer    | Reached skill level 6 in Necromancy
  3062 | D:4      | Reached XP level 6. HP: 22/41 MP: 9/12
  3482 | D:4      | Found a shimmering blue altar of Sif Muna.
  3493 | D:5      | Entered Level 5 of the Dungeon
  3589 | D:5      | Reached skill level 7 in Necromancy
  3722 | D:5      | Reached skill level 5 in Spellcasting
  3774 | D:5      | Gained mutation: Spells you cast may paralyse adjacent
                  | enemies. [demonic ancestry]
  3774 | D:5      | Reached XP level 7. HP: 17/46 MP: 14/14
  3835 | D:4      | Became a worshipper of Sif Muna the Loreminder
  3968 | D:5      | Found a sparkling altar of Nemelex Xobeh.
  4003 | D:5      | Learned a level 5 spell: Agony
  4431 | D:6      | Reached skill level 1 in Invocations
  4452 | D:6      | Found a staircase to the Ecumenical Temple.
  4511 | D:6      | Found an ancient bone altar of Kikubaaqudgha.
  4622 | D:6      | Found a blossoming altar of Fedhas.
  4735 | D:6      | Found a hide-covered altar of Uskayaw.
  5009 | D:6      | Found a stormy altar of Qazlal.
  5017 | D:6      | Noticed a water elemental
  5017 | D:6      | Noticed a fire elemental
  5017 | D:6      | Noticed an air elemental
  5257 | D:7      | HP: 2/46 [orc warrior/+0 glaive (11)]
  5259 | D:7      | Reached skill level 8 in Necromancy
  5259 | D:7      | Mangled by an orc warrior

Illustrated notes

Levels and vault maps discovered:
D:1:      kennysheep_arrival_seaside, layout_rooms
D:2:      layout_loops_ring
D:3:      minmay_octagon_keep, layout_rooms, mainiacjoe_overflow_alcove_3,
          serial_curves, eino_curves_04, eino_curves_04, uniq_terence
D:4:      layout_basic, dreamdust_divine_triumvirate, led_sif_pool,
          cheibrodos_sewer_entry_drain
D:5:      layout_loops_ring, nicolae_overflow_hidden_temple,
          chequers_serial_rivers_micro_d
D:6:      layout_basic, fedhas_altar_1, kennysheep_mini,
          mainiacjoe_overflow_concentric_impassable,
          nicolae_qazlal_style_of_elements, minmay_temple_entry_gardened_gates
D:7:      layout_gridville, mainiacjoe_overflow_surrounded_room,
          grunt_dithmenos_shadows, nicolae_ru_the_path_less_chosen,
          amcnicky_altar_gilded, old_standard_altar

Skill      XL: |  1  2  3  4  5  6  7 |
---------------+----------------------+-----
Necromancy     | 5 6 7 8 |  8.0
Spellcasting   | 3 4 5 |  5.8
Invocations    | 3 |  3.4
Dodging        | |  1.7
Stealth        | |  1.7

Action                     |  1- 3 |  4- 6 |  7- 9 || total
---------------------------+-------+-------+-------++-------
  Melee: Unarmed           |    33 |       |       ||    33
         Punch             |     1 |     1 |       ||     2
         Dagger            |    46 |       |       ||    46
         Headbutt          |     5 |    25 |    13 ||    43
         Staff             |       |   119 |    73 ||   192
   Cast: Necrotise         |    41 |    30 |    16 ||    87
         Vampiric Draining |     1 |     7 |     5 ||    13
         Animate Dead      |       |     6 |     7 ||    13
    Use: Scroll            |       |     7 |       ||     7
   Stab: Sleeping          |     5 |     3 |       ||     8
         Distracted        |       |       |     2 ||     2
         Paralysed         |       |       |     2 ||     2
 Armour: Robe              |    10 |    45 |    36 ||    91
  Dodge: Dodged            |    47 |    89 |    74 ||   210

Table legend: (Time is in decaauts)
 A = Elapsed time spent in this place.
 B = Non-inter-level travel time spent in this place.
 C = Inter-level travel time spent in this place.
 D = Time resting spent in this place.
 E = Time spent auto-exploring this place.
 F = Levels seen in this place.
 G = Mean time per level.
                   A        B        C        D        E       F      G
               +--------+--------+--------+--------+--------+-----+--------+
         Total |   5335 |   4824 |    511 |    208 |   3323 |   8 |  666.9 |
       Dungeon |   5155 |   4644 |    511 |    208 |   3287 |   7 |  736.4 |
         Sewer |    180 |    180 |      0 |      0 |     36 |   1 |  180.0 |
               +--------+--------+--------+--------+--------+-----+--------+

Top non-repeatable levels by time:
     D:2: 1084 daAuts
     D:1: 884 daAuts
     D:3: 869 daAuts
     D:6: 840 daAuts
     D:5: 792 daAuts
     D:4: 592 daAuts
   Sewer: 180 daAuts
     D:7: 90 daAuts
